 Dungeon Crawl Stone Soup version 0.20.1-1-g8b1a95d (webtiles) character file.

749 McKennaii the Zephyrmancer (level 7, 0/37 HPs)
             Began as a Tengu Air Elementalist on Aug 2, 2017.
             Was an Initiate of Vehumet.
             Slain by a quokka (2 damage)
             ... on level 3 of the Dungeon.
             The game lasted 00:11:52 (6201 turns).

McKennaii the Zephyrmancer (Tengu Air Elementalist) Turns: 6201, Time: 00:11:52

Health: 0/37       AC:  3    Str:  9    XL:     7   Next: 77%
Magic:  14/15      EV: 13    Int: 17    God:    Vehumet [......]
Gold:   269        SH:  0    Dex: 14    Spells: 8/16 levels left

rFire    . . .     SeeInvis +   (no weapon)
rCold    . . .     Gourm    .   (no shield)
rNeg     . . .     Faith    .   a - +0 robe
rPois    .         Spirit   .   (helmet restricted)
rElec    .         Reflect  .   i - +0 cloak (curse)
rCorr    .         Harm     .   (no gloves)
MR       .....                  (boots unavailable)
Stlth    ++........             (no amulet)
Regen    0.2/turn               s - ring of see invisible
MPRegen  0.2/turn               (no ring)

@: sluggish, very slow
A: beak, talons 3, able to fly 1
a: Fly, Renounce Religion


You were on level 3 of the Dungeon.
You worshipped Vehumet.
Vehumet was noncommittal.
You were hungry.

You visited 2 branches of the dungeon, and saw 6 of its levels.

You collected 269 gold pieces.

Inventory:

Armour
 a - a +0 robe (worn)
 i - a cursed +0 cloak (worn)
Jewellery
 s - a ring of see invisible (left hand)
Scrolls
 d - 3 scrolls of enchant armour
 e - 2 scrolls of identify
 j - 3 scrolls of teleportation {unknown}
 k - a scroll of amnesia {unknown}
 n - 2 scrolls of fear {unknown}
 q - a scroll of remove curse
 v - a scroll of blinking {unknown}
Potions
 g - 2 potions of lignification
 h - a potion of mutation
 m - a potion of brilliance {unknown}
 o - 2 potions of curing {unknown}
 r - a potion of haste {unknown}
 t - a potion of might {unknown}
 u - a potion of flight
Books
 b - a book of Air

   Spells                             Type                      Level
   a - Shock                          Conjuration/Air              1
   b - Swiftness                      Charms/Air                   2
   c - Static Discharge               Conjuration/Air              3
   d - Airstrike                      Air                          4
   e - Lightning Bolt                 Conjuration/Air              5
 w - a book of Changes

   Spells                             Type                      Level
   a - Beastly Appendage              Transmutation                1
   b - Sticks to Snakes               Transmutation                2
   c - Spider Form                    Transmutation/Poison         3
   d - Ice Form                       Ice/Transmutation            4
   e - Blade Hands                    Transmutation                5
Comestibles
 c - 5 bread rations
 f - a meat ration
 l - 2 royal jellies
 p - 3 fruits


   Skills:
 + Level 0.4 Fighting
 + Level 2.4 Dodging
 + Level 2.5 Stealth
 * Level 5.0 Spellcasting
 + Level 4.2 Conjurations
 * Level 8.0 Air Magic


You had 8 spell levels left.
You knew the following spells:

 Your Spells              Type           Power        Failure   Level  Hunger
a - Shock                 Conj/Air       ####         1%          1    None
b - Swiftness             Chrm/Air       ###.....     4%          2    #......
c - Lightning Bolt        Conj/Air       ####......   30%         5    ######.


Dungeon Overview and Level Annotations

Branches:
Dungeon (5/15)             Temple (1/1) D:5

Altars:
Ashenzari
Gozag
Qazlal
Ru
Vehumet
Yredelemnul

Shops:
D:4 %(   D:5 (


Innate Abilities, Weirdness & Mutations

You have a beak for a mouth.
You have claws for feet.
You can fly.


Message History

The quokka closely misses you. The quokka closely misses you. x2
There is a stone staircase leading up here.
The quokka bites you.
* * * LOW HITPOINT WARNING * * *
The quokka bites you.
* * * LOW HITPOINT WARNING * * *
You climb upwards.
You start to feel a little faster.
There is a stone staircase leading down here.
The quokka bites you.
* * * LOW HITPOINT WARNING * * *
Casting: Swiftness
Confirm with . or Enter, or press ? or * to list all spells.
Aiming: Shock
Press: ? - help, Shift-Dir - straight line The zap misses the quokka.
The zap hits the quokka.
The quokka is moderately wounded.
The quokka bites you.
You die...

###### #....#
###.>r@#
###########......#
#.)..>......#....#
...........##....#
...........###.###
#............#.###
...........#.#...#
#######
#..........#.#...#
#.....#
#..........#.#...#
#.....#


You could see a quokka.

Vanquished Creatures
  A phantom (D:5)
  An ogre (D:4)
  2 scorpions (D:4)
  2 howler monkeys
  A crimson imp (D:5)
  A centaur zombie (D:5)
  A hound (D:3)
  5 worker ants
  2 gnolls (D:5)
  7 adders
  A shadow imp (D:5)
  An ooze (D:4)
  3 worms
  A dart slug (D:1)
  7 orcs
  7 bats
  A giant cockroach (D:3)
  6 goblins
  A hobgoblin (D:3)
  12 jackals
  3 quokkas
  2 ball pythons (D:1)
  5 frilled lizards
  6 kobolds
  A quokka skeleton (D:4)
  5 rats
85 creatures vanquished.

Vanquished Creatures (others)
  A giant cockroach (D:5)
1 creature vanquished.

Grand Total: 86 creatures vanquished

Notes
Turn   | Place    | Note
-------+----------+-------------------------------------------
     0 | D:1      | McKennaii the Tengu Air Elementalist began the quest for the Orb.
     0 | D:1      | Reached XP level 1. HP: 10/10 MP: 4/4
   254 | D:1      | Reached XP level 2. HP: 9/15 MP: 0/6
   697 | D:1      | Reached XP level 3. HP: 15/19 MP: 2/7
   915 | D:2      | Learned a level 2 spell: Swiftness
  1400 | D:2      | Reached skill level 5 in Air Magic
  1916 | D:3      | Reached XP level 4. HP: 24/24 MP: 4/9
  2615 | D:3      | Gained mutation: You can fly. [Tengu growth]
  2615 | D:3      | Reached XP level 5. HP: 14/28 MP: 3/11
  2836 | D:4      | Reached skill level 6 in Air Magic
  2836 | D:4      | Reached XP level 6. HP: 8/32 MP: 3/12
  3600 | D:4      | Noticed a sky beast
  3609 | D:4      | Found Nyreuw's Weapon Boutique.
  3609 | D:4      | Found Misibiod's Food Boutique.
  3759 | D:4      | Learned a level 5 spell: Lightning Bolt
  4394 | D:4      | Reached skill level 7 in Air Magic
  4394 | D:4      | Reached XP level 7. HP: 12/36 MP: 1/14
  4743 | D:5      | Entered Level 5 of the Dungeon
  5216 | D:5      | Found Itaux's Antique Weapon Boutique.
  5479 | D:5      | Found a staircase to the Ecumenical Temple.
  5689 | D:5      | Reached skill level 5 in Spellcasting
  5753 | Temple   | Entered the Ecumenical Temple
  5761 | Temple   | Became a worshipper of Vehumet
  5917 | D:4      | Reached skill level 8 in Air Magic
  6201 | D:3      | Slain by a quokka

Skill      XL: |  1  2  3  4  5  6  7 |
---------------+----------------------+-----
Air Magic      | 5 6 7 8 |  8.0
Conjurations   | 2 3 4 |  4.2
Spellcasting   | 3 4 5 |  5.0
Fighting       | |  0.4
Dodging        | |  2.4
Stealth        | |  2.5

Action                   |  1- 3 |  4- 6 |  7- 9 || total
-------------------------+-------+-------+-------++-------
Melee: Unarmed           |     7 |       |     1 ||     8
       Kick              |     2 |       |       ||     2
 Cast: Shock             |    81 |    95 |    85 ||   261
       Swiftness         |       |     1 |     2 ||     3
 Abil: Fly               |       |       |     2 ||     2
  Use: Scroll            |       |     5 |       ||     5
       Potion            |       |     2 |       ||     2
  Eat: Chunk             |     4 |     5 |     3 ||    12
       Bread ration      |       |     1 |       ||     1
Armor: Robe              |     9 |     7 |     2 ||    18
Dodge: Dodged            |    10 |    27 |    28 ||    65
